cohdb
Replays
Latest Replays
All Replays
Popular Replays
Top Player Replays
Match Explorer
How It Works
Community
CoH3 Stats
Reddit
Sign in to upload your games and track your stats! →
Sign in with Steam
Match 41972425
Unlisted
Match 41972425
Overview
Messages
Build Orders
End
Royal Engineer Section
Construct Section Command Post
Infantry Section
Infantry Section
Infantry Section
Construct Field Infirmary
Construct Platoon Command Post
ML 3-inch Mortar Team
6-pounder Anti-tank Gun Team
Humber Armored Car
Vickers Machine Gun Team
Infantry Training
Team Weapon Training
Selects Indian Artillery Battlegroup
Selects War Cry
Selects Gurkha Rifles Section
Selects Volunteer Infantry
ML 3-inch Mortar Team
6-pounder Anti-tank Gun Team
Theodosios
HulkSMASH
0
0
Comments
sign in to comment!
No comments posted yet!